 Dungeon Crawl Stone Soup version 0.25-a0-404-gc1b5a34292 (webtiles) character file.

Game seed: 2820385295001454809, levelgen mode: classic

21826 EnegeticOcto the Slicer (level 13, -2/92 HPs)
             Began as a Halfling Wizard on Jan 11, 2020.
             Was a High Priest of Nemelex Xobeh.
             Slain by a basilisk (4 damage)
             ... while petrified by a basilisk
             ... on level 2 of the Lair of Beasts.
             The game lasted 00:48:09 (22071 turns).

EnegeticOcto the Slicer (Halfling Wizard)          Turns: 22071, Time: 00:48:10

Health: -2/92      AC: 20    Str: 15    XL:     13   Next: 22%
Magic:  20/20      EV:  3    Int: 21    God:    Nemelex Xobeh [*****.]
Gold:   613        SH:  0    Dex: 14    Spells: 11/16 levels left

rFire    . . .     SeeInvis .   b - +4 scimitar
rCold    . . .     Gourm    .   k - +0 buckler
rNeg     + + +     Faith    +   C - +3 chain mail
rPois    ∞         Spirit   .   t - +0 hat
rElec    .         Reflect  .   N - +1 cloak
rCorr    .         Harm     .   y - +0 pair of gloves
MR       .....                  W - +2 pair of boots {Stlth+}
Stlth    ..........             T - amulet of Xoloha {Faith Fragile rPois rN+ Int+5}
HPRegen  0.25/turn              w - +1 ring of protection
MPRegen  0.17/turn              r - +3 ring of strength

@: petrified
A: small, mutation resistance 1
a: Draw Escape, Draw Destruction, Draw Summoning, Triple Draw, Deal Four, Stack
Five, Renounce Religion


You were on level 2 of the Lair of Beasts.
You worshipped Nemelex Xobeh.
Nemelex Xobeh was extremely pleased with you.
You were hungry.

You visited 2 branches of the dungeon, and saw 14 of its levels.

You collected 883 gold pieces.
You spent 270 gold pieces at shops.

Inventory:

Hand Weapons
 a - a +2 hand crossbow of flaming
 b - a +4 scimitar (weapon)
Missiles
 l - 71 bolts
 u - 30 poisoned darts (quivered)
 z - 4 throwing nets {!f}
Armour
 k - a +0 buckler (worn)
 t - a +0 hat (worn)
 y - a +0 pair of gloves (worn)
 C - a +3 chain mail (worn)
 N - a +1 cloak (worn)
 W - a +2 pair of boots of stealth (worn)
Jewellery
 h - an uncursed ring of protection from fire
 p - an uncursed ring of protection from cold
 r - a +3 ring of strength (right hand)
 s - an uncursed ring of see invisible
 w - a +1 ring of protection (left hand)
 T - the amulet of Xoloha (around neck) {Faith Fragile rPois rN+ Int+5}
   (You acquired it on level 8 of the Dungeon)

   [amulet of faith]

   It allows you to gain divine favour quickly.
   It affects your intelligence (+5).
   It protects you from poison.
   It protects you from negative energy.
   It will be destroyed if unequipped.
Wands
 B - a wand of enslavement (8)
 F - a wand of polymorph (11)
 P - a wand of clouds (1)
Scrolls
 f - 6 scrolls of remove curse {@r2}
 g - 2 scrolls of fog {!r}
 i - 4 scrolls of enchant weapon
 n - 4 scrolls of amnesia
 o - 2 scrolls of blinking {@r4}
 A - 3 scrolls of fear {!r}
 D - 4 scrolls of enchant armour
 E - 2 scrolls of immolation
 G - a scroll of silence
 L - 6 scrolls of teleportation {@r3 !r}
 O - 2 scrolls of magic mapping {@r5 !r}
 V - a scroll of holy word
Potions
 d - a potion of mutation
 j - 3 potions of heal wounds {@q2 !q}
 m - 2 potions of cancellation
 q - 3 potions of flight
 x - 2 potions of magic
 I - a potion of lignification {@q6}
 M - 2 potions of agility {@q5 !q}
 Q - 2 potions of curing {@q1 !q}
 R - a potion of resistance
Miscellaneous
 S - a sack of spiders
Comestibles
 e - 16 rations


   Skills:
 - Level 10.0 Fighting
   Level 10.4(11.2) Short Blades
 - Level 5.6(8.0) Long Blades
 + Level 4.5 Crossbows
 - Level 6.0 Armour
 - Level 6.0 Dodging
 - Level 3.0 Stealth
 - Level 5.6 Shields
 - Level 2.4 Spellcasting
 - Level 0.7 Conjurations
 - Level 1.1 Summonings
 - Level 4.0 Translocations
 - Level 10.0 Invocations
 - Level 4.3 Evocations


You had 11 spell levels left.
You knew the following spells:

 Your Spells              Type           Power        Failure   Level  Hunger
a - Magic Dart            Conj           #...         87%         1    None
b - Call Imp              Summ           #.......     91%         2    ##.....
Y - Blink                 Tloc           N/A          56%         2    ##.....

Your spell library contained the following spells:

 Spells                   Type           Power        Failure   Level  Hunger
 Gell's Gravitas          Tloc           ###.......   80%         3    ###....
 Sandblast                Erth           #.....       93%         1    None
 Passwall                 Tmut/Erth      #.......     98%         2    ##.....
 Slow                     Hex            #.......     98%         2    ##.....
 Conjure Flame            Conj/Fire      #.......     99%         3    ###....
 Mephitic Cloud           Conj/Pois/Air  #.......     99%         3    ###....
 Stone Arrow              Conj/Erth      #.....       99%         3    ###....
 Confusing Touch          Hex            #.......     100%        3    ###....
 Petrify                  Tmut/Erth      #.......     100%        4    ####...
 Lee's Rapid Deconstruct  Erth           #.........   100%        5    ######.
 Metabolic Englaciation   Hex/Ice        #.........   100%        5    ######.
 Yara's Violent Unravell  Hex/Tmut       #.........   100%        5    ######.


Dungeon Overview and Level Annotations

Branches:
Dungeon (12/15)            Temple (0/1) D:7            Lair (2/6) D:11
  Snake (0/4) Lair:2          Orc (0/2) D:11
  Swamp: Lair:2-4    Shoals: Lair:2-4

Altars:
Dithmenos
Nemelex Xobeh
Qazlal
Ru
Sif Muna
Trog
Uskayaw

Shops:
D:9 ?   D:10 [

Annotations:
D:5 1 runed translucent door, Yorgos's ghost, novice OpFi
D:7 exclusion: 2 killer bees
D:12 Sonja
Lair:2 exclusions: oklob plant and 1 more exclusion


Innate Abilities, Weirdness & Mutations

You are small and have problems with some larger weapons.
You are somewhat resistant to further mutation.


Message History

The basilisk hisses menacingly.
The basilisk gazes at you.
You are slowing down.
Your +2 hand crossbow of flaming stops flaming.
b - a +4 scimitar (weapon)
Your limbs are stiffening.
You have turned to stone.
The basilisk bites you. The basilisk gazes at you. x2
You easily resist.
The basilisk bites you but does no damage. x3
The basilisk bites you. The basilisk bites you.
You turn to flesh and can move again.
You closely miss the basilisk.
The basilisk is lightly wounded.
The basilisk gazes at you.
You are slowing down.
You barely miss the basilisk.
The basilisk is lightly wounded.
The basilisk bites you but does no damage.
Your limbs are stiffening.
You slash the basilisk!
The basilisk is heavily wounded.
The basilisk bites you but does no damage.
The basilisk barely misses you.
You riposte.
You slash the basilisk!
The basilisk is almost dead.
You have turned to stone.
The basilisk bites you. The basilisk gazes at you.
You easily resist.
A komodo dragon comes into view.
The basilisk gazes at you.
You easily resist.
The komodo dragon hisses angrily.
The basilisk bites you but does no damage.
The basilisk barely misses you. The basilisk bites you.
The basilisk bites you but does no damage. x2
The basilisk bites the fungus!
The komodo dragon bites you!
You turn to flesh and can move again.
Unknown command.
Unknown command.
You hit the komodo dragon.
The komodo dragon is lightly wounded.
The basilisk bites the fungus!
The komodo dragon bites you but does no damage.
You hit the komodo dragon.
The komodo dragon is lightly wounded.
The basilisk bites the fungus.
You block the komodo dragon's attack.
Unknown command.
You slash the komodo dragon!
The komodo dragon is lightly wounded.
The basilisk bites the fungus!
The komodo dragon bites you but does no damage.
Unknown command.
You closely miss the komodo dragon.
The komodo dragon is lightly wounded.
You block the komodo dragon's attack.
The basilisk bites the fungus!!
The fungus is destroyed!
You slash the komodo dragon!
The komodo dragon is heavily wounded.
The basilisk hisses menacingly.
The komodo dragon closely misses you.
You slash the komodo dragon!
The komodo dragon is severely wounded.
The basilisk gazes at you.
You easily resist.
The basilisk bites you but does no damage.
The komodo dragon closely misses you.
You riposte.
You hit the komodo dragon but do no damage.
The komodo dragon is severely wounded.
The basilisk gazes at you.
You are slowing down.
The komodo dragon barely misses you.
You slash the komodo dragon!
The komodo dragon is almost dead.
The basilisk gazes at you.
You easily resist.
The komodo dragon bites you!!
Your limbs are stiffening.
You barely miss the komodo dragon.
The komodo dragon is almost dead.
The komodo dragon bites you!! The basilisk gazes at you.
You easily resist.
The komodo dragon bites you!!
* * * LOW HITPOINT WARNING * * *
You have turned to stone.
The basilisk bites you but does no damage.
The komodo dragon bites you but does no damage.
The basilisk gazes at you.
You easily resist.
The komodo dragon bites you!
* * * LOW HITPOINT WARNING * * *
The basilisk bites you but does no damage.
The komodo dragon bites you!
* * * LOW HITPOINT WARNING * * *
The basilisk gazes at you.
You easily resist.
The komodo dragon bites you!!
* * * LOW HITPOINT WARNING * * *
The basilisk bites you!
You die...
Your body disappears without a glow.

♣♣..÷)............
♣♣♣...)..........
♣............... .......
.(♣♣.(.÷#.#.#.P###.........
. ♣#....##.##.##P##....##..
♣..............##........
♣♣#....##.).....##.......(
♣......##.......##........
♣♣)..#######.#..@#...P.....
♣.####.......#..ll....(....
.####...#.#..#...#P....>...
.###.........#.............
.##...#.#.#..##.##.:......#
##...........###..#........
#...#.>.#...##.............
...........##..............
..#.#.#...########.........


You could see a komodo dragon and a basilisk.

Vanquished Creatures
  3 hydras (Lair:2)
  A centaur warrior (D:11)
  2 two-headed ogres
  An ugly thing (D:10)
  5 elephants (Lair:1)
  An eye of devastation (D:11)
  3 spiny frogs (Lair:1)
  A centaur skeleton (D:10)
  2 komodo dragons (D:11)
  2 trolls
  2 hornets
  3 hippogriffs
  A vampire (D:11)
  Eustachio (D:4)
  A wraith (D:10)
  15 yaks
  A basilisk (Lair:1)
  3 hungry ghosts
  2 soldier ants (Lair:1)
  4 nagas (Lair:2)
  5 water moccasins
  3 porcupines
  4 orc warriors
  A swamp drake (D:4)
  2 black bears
  7 phantoms
  2 ice beasts
  A sky beast (D:4)
  14 wolves
  2 centaurs
  A crocodile (Lair:1)
  4 big kobolds
  9 bullfrogs
  2 gnoll sergeants (D:5)
  A water moccasin zombie (D:9)
  2 scorpions
  Dowan (D:5)
  A troll zombie (D:11)
  4 wights (D:8)
  2 killer bees (D:7)
  2 howler monkeys
  4 crimson imps
  A quasit (D:8)
  6 hounds
  4 orc priests
  15 orc wizards
  3 gnoll shamans
  4 bullfrog skeletons
  A jelly (D:8)
  4 iguanas
  6 worker ants
  5 ogre zombies (D:11)
  A hound zombie (D:8)
  A hound skeleton (D:4)
  A howler monkey zombie (D:9)
  2 worker ant zombies (D:11)
  16 gnolls
  A howler monkey skeleton (D:8)
  5 adders
  A shadow imp (D:6)
  3 oozes
  An adder zombie (D:5)
  An adder skeleton (D:9)
  4 leopard geckos
  38 orcs
  4 giant cockroaches
  6 goblins
  3 hobgoblins
  12 jackals
  2 quokkas
  2 ball pythons
  2 frilled lizards (D:3)
  A goblin skeleton (D:11)
  A goblin zombie (D:11)
  4 hobgoblin zombies (D:11)
  21 kobolds
  4 orc skeletons (D:11)
  9 orc zombies (D:11)
  6 rats
329 creatures vanquished.

Vanquished Creatures (collateral kills)
  A hydra (Lair:2)
  A centaur zombie (D:11)
  Maggie (D:8)
  A vampire (D:11)
  A hungry ghost (D:7)
  A swamp worm (Lair:2)
  2 nagas (Lair:2)
  3 ogres
  2 bullfrogs
  A gnoll sergeant (D:5)
  5 killer bees (D:7)
  A howler monkey (D:8)
  A wight (D:8)
  A crimson imp (D:4)
  2 hounds
  3 orc priests
  Ijyb (D:3)
  An iguana (Lair:2)
  A gnoll (D:4)
  7 adders
  2 orcs (D:3)
  A giant cockroach (D:3)
  A hobgoblin (D:2)
  A quokka (D:4)
  A ball python (D:3)
  A frilled lizard (D:2)
  A kobold (D:2)
  A plant (Lair:2)
46 creatures vanquished.

Vanquished Creatures (others)
  A hornet (D:9)
  2 killer bees (D:7)
  A hobgoblin (D:1)
  4 fungi (Lair:2)
  9 plants
17 creatures vanquished.

Grand Total: 392 creatures vanquished

Notes
Turn   | Place    | Note
-------+----------+-------------------------------------------
     0 | D:1      | EnegeticOcto the Halfling Wizard began the quest for the
                  | Orb.
     0 | D:1      | Reached XP level 1. HP: 11/11 MP: 3/3
   749 | D:1      | Reached XP level 2. HP: 17/17 MP: 1/5
   858 | D:1      | Reached skill level 1 in Fighting
  1028 | D:1      | Learned a level 2 spell: Blink
  1031 | D:1      | Learned a level 2 spell: Call Imp
  1398 | D:2      | Reached XP level 3. HP: 23/23 MP: 6/6
  1895 | D:2      | Found a sparkling altar of Nemelex Xobeh.
  1904 | D:2      | Found a hide-covered altar of Uskayaw.
  1915 | D:2      | Became a worshipper of Nemelex Xobeh the Trickster
  2001 | D:2      | Reached skill level 1 in Short Blades
  2258 | D:2      | Reached skill level 1 in Shields
  2455 | D:2      | Received a gift from Nemelex Xobeh
  2469 | D:2      | Reached XP level 4. HP: 25/29 MP: 0/7
  2592 | D:2      | Noticed an insubstantial wisp
  3760 | D:3      | Noticed Ijyb
  3772 | D:3      | Killed Ijyb
  3772 | D:3      | Reached XP level 5. HP: 34/34 MP: 1/8
  4307 | D:3      | Reached * piety under Nemelex Xobeh
  4352 | D:3      | Received a gift from Nemelex Xobeh
  4692 | D:4      | Noticed an ice beast
  4909 | D:4      | Reached XP level 6. HP: 11/41 MP: 1/9
  5431 | D:4      | Noticed a swamp drake
  5431 | D:4      | an ice beast changed into a swamp drake
  5435 | D:4      | Killed a swamp drake
  5435 | D:4      | Reached XP level 7. HP: 46/46 MP: 10/10
  6236 | D:5      | Entered Level 5 of the Dungeon
  6304 | D:5      | Found a runed translucent door.
  6304 | D:5      | Noticed Yorgos's ghost (novice OpFi)
  6595 | D:4      | Reached skill level 1 in Summonings
  6680 | D:5      | HP: 1/47 [gnoll sergeant/+0 spear (11)]
  7089 | D:5      | Noticed Dowan
  7319 | D:5      | Killed Dowan
  7319 | D:5      | Reached skill level 1 in Armour
  7349 | D:5      | Noticed Duvessa
  7351 | D:5      | Noticed Duvessa
  7351 | D:5      | Duvessa changed into Duvessa the water moccasin
  7389 | D:5      | Killed Duvessa the water moccasin
  7389 | D:5      | Reached XP level 8. HP: 41/54 MP: 6/11
  7398 | D:5      | Reached skill level 5 in Short Blades
  7570 | D:5      | Found a shadowy altar of Dithmenos.
  8083 | D:4      | Reached skill level 5 in Shields
  8866 | D:5      | Noticed Eustachio
  8897 | D:4      | Killed Eustachio
  8897 | D:4      | Reached skill level 5 in Fighting
  9338 | D:4      | Reached XP level 9. HP: 40/61 MP: 12/12
 10163 | D:5      | Found a shimmering blue altar of Sif Muna.
 10196 | D:6      | You fall into a shaft and drop 2 floors!
 10196 | D:8      | Noticed a troll
 10269 | D:7      | Reached ** piety under Nemelex Xobeh
 10452 | D:6      | Received a gift from Nemelex Xobeh
 10918 | D:6      | Found a stormy altar of Qazlal.
 11114 | D:7      | Noticed a hippogriff
 11234 | D:6      | Killed a hippogriff
 11567 | D:7      | Reached skill level 10 in Short Blades
 12098 | D:7      | Found a staircase to the Ecumenical Temple.
 12180 | D:7      | Reached *** piety under Nemelex Xobeh
 12204 | D:7      | Reached XP level 10. HP: 68/68 MP: 13/13
 12231 | D:7      | Received a gift from Nemelex Xobeh
 12293 | D:7      | Reached skill level 1 in Invocations
 12638 | D:8      | Noticed Maggie
 12652 | D:8      | Killed Maggie
 12754 | D:8      | Identified the -2 quarterstaff of the Secret Seas {freeze,
                  | Fragile MP+9 Str+4 Stlth+}
 13222 | D:8      | Reached skill level 1 in Long Blades
 13485 | D:8      | Found a sacrificial altar of Ru.
 13623 | D:8      | Identified a scroll of acquirement
 13623 | D:8      | Identified the amulet of Xoloha {Faith Fragile rPois rN+
                  | Int+5} (You acquired it on level 8 of the Dungeon)
 13623 | D:8      | Identified the +2 pair of gloves of Pride {rCorr} (You
                  | acquired it on level 8 of the Dungeon)
 13785 | D:9      | Noticed a two-headed ogre
 13809 | D:9      | Killed a two-headed ogre
 13809 | D:9      | Reached skill level 5 in Invocations
 14030 | D:9      | Found Ysuniax's Magic Scroll Emporium.
 14042 | D:9      | Bought a scroll of teleportation for 45 gold pieces
 14042 | D:9      | Bought a scroll of identify for 30 gold pieces
 14042 | D:9      | Bought a scroll of identify for 30 gold pieces
 14113 | D:9      | Reached XP level 11. HP: 63/77 MP: 15/15
 14225 | D:9      | Received a gift from Nemelex Xobeh
 15002 | D:10     | Entered Level 10 of the Dungeon
 15024 | D:10     | Found Ytowom's Antique Armour Emporium.
 15291 | D:10     | Bought a pair of runed boots for 165 gold pieces
 15494 | D:10     | Found a bloodstained altar of Trog.
 16218 | D:10     | Reached **** piety under Nemelex Xobeh
 17053 | D:11     | Noticed a two-headed ogre
 17081 | D:11     | Killed a two-headed ogre
 17085 | D:11     | Identified the -2 hand axe "String" {drain, *Slow rC+ Str+3
                  | SInv}
 17299 | D:11     | Noticed a brown ugly thing
 17318 | D:10     | Killed a brown ugly thing
 17318 | D:10     | Reached skill level 5 in Long Blades
 17507 | D:11     | Noticed a centaur warrior
 17526 | D:11     | Killed a centaur warrior
 17526 | D:11     | Reached XP level 12. HP: 46/86 MP: 18/18
 17977 | D:11     | Found a staircase to the Orcish Mines.
 18054 | D:11     | Received a gift from Nemelex Xobeh
 18370 | D:11     | Found a staircase to the Lair.
 18395 | Lair:1   | Entered Level 1 of the Lair of Beasts
 18721 | Lair:1   | Reached skill level 10 in Fighting
 19455 | D:12     | Noticed Sonja
 19531 | Lair:1   | Reached skill level 1 in Evocations
 19798 | Lair:1   | Reached skill level 10 in Invocations
 20062 | Lair:1   | Received a gift from Nemelex Xobeh
 20065 | Lair:1   | Reached skill level 5 in Dodging
 20087 | Lair:1   | Reached skill level 5 in Armour
 20324 | Lair:1   | Reached ***** piety under Nemelex Xobeh
 20999 | Lair:2   | Noticed a five-headed hydra
 20999 | Lair:2   | Noticed a seven-headed hydra
 21049 | Lair:2   | Received a gift from Nemelex Xobeh
 21157 | Lair:2   | Killed a five-headed hydra
 21171 | Lair:2   | Reached XP level 13. HP: 90/92 MP: 20/20
 21182 | Lair:2   | Noticed a four-headed hydra
 21217 | Lair:2   | Killed a four-headed hydra
 21223 | Lair:2   | Noticed a seven-headed hydra
 21229 | Lair:2   | Killed a seven-headed hydra
 21229 | Lair:2   | Reached skill level 1 in Crossbows
 21262 | Lair:2   | Killed a seven-headed hydra
 21577 | Lair:2   | Received a gift from Nemelex Xobeh
 21983 | Lair:2   | Found a staircase to the Snake Pit.
 22070 | Lair:2   | HP: 1/92 [komodo dragon (10)]
 22071 | Lair:2   | Slain by a basilisk

Levels and vault maps discovered:
D:1:      shiori_arrival_oz, layout_rooms
D:2:      layout_basic, amethyst_overflow_temple_binary
D:3:      kennysheep_six_static_rooms, layout_basic, first_ration, minivault_26,
          uniq_ijyb
D:4:      cheibrodos_quashed, layout_cave_pods, minmay_bisected
D:5:      layout_cave_pools, old_standard_altar, serial_gnoll_camp,
          gnoll_camp_huts_basic, gnoll_camp_mini_house, gnoll_camp_mini_hut,
          gnoll_camp_mini_loothouse, gammafunk_ghost_grave, st_stairs_7,
          lemuel_blue_sif_altar, uniq_eustachio, uniq_duvessa
D:6:      layout_cave_pools, grunt_qazlal_clouds
D:7:      layout_gridville, minmay_temple_entry_enclosed_plants
D:8:      layout_basic, kennysheep_mini, uniq_maggie
D:9:      layout_loops_ring, serial_shops, shop_statue
D:10:     layout_basic, basic_altar, serial_shops,
          nicolae_shop_overgrown_old_shop
D:11:     layout_rooms, david_lair_shrubbed, zombieorc1_lemuel
D:12:     layout_rooms, basic_altar, uniq_sonja
Lair:1:   layout_gridlike, beast_lair_carwin_7
Lair:2:   layout_regular_city, palyth_hydra_swamp_entry,
          minmay_snake_entry_guardpost_large

Skill      XL: |  1  2  3  4  5  6  7  8  9 10 11 12 13 |
---------------+----------------------------------------+-----
Stealth        | 3 |  3.0
Fighting       | 1 2 3 4 5 6 7 9 10 | 10.0
Short Blades   | 1 2 3 4 6 10 | 10.4
Shields        | 1 2 3 4 5 |  5.6
Summonings     | 1 |  1.1
Armour         | 1 2 4 5 6 |  6.0
Invocations    | 5 8 10 | 10.0
Dodging        | 4 5 6 |  6.0
Long Blades    | 2 5 |  5.6
Evocations     | 3 4 |  4.3
Translocations | 4 |  4.0
Crossbows      | 4 |  4.5
Spellcasting   | |  2.4
Conjurations   | |  0.7

Action                   |  1- 3 |  4- 6 |  7- 9 | 10-12 | 13-15 || total
-------------------------+-------+-------+-------+-------+-------++-------
Melee: Club              |    22 |       |       |       |       ||    22
       Unarmed           |     3 |       |       |    12 |       ||    15
       Spear             |    24 |       |       |       |       ||    24
       Dagger            |    42 |   261 |   135 |    91 |       ||   529
       Short sword       |       |       |   643 |    15 |       ||   658
       Scimitar          |       |       |       |   826 |    44 ||   870
 Fire: Hand crossbow     |       |       |       |    10 |    42 ||    52
Throw: Dart              |       |       |    45 |    18 |       ||    63
       Stone             |       |       |     5 |       |       ||     5
 Cast: Magic Dart        |    27 |     3 |     4 |       |       ||    34
       Call Imp          |    10 |    31 |    23 |       |       ||    64
 Abil: Draw Destruction  |       |    10 |     1 |    14 |       ||    25
       Draw Summoning    |       |     1 |     2 |     4 |     2 ||     9
Evoke: Wand              |       |       |    10 |    11 |     9 ||    30
  Use: Scroll            |     5 |       |    11 |     8 |     1 ||    25
       Potion            |       |     1 |     9 |     2 |       ||    12
 Stab: Sleeping          |     3 |     5 |       |     4 |       ||    12
       Distracted        |       |     2 |     1 |     2 |       ||     5
  Eat: Chunk             |     3 |     8 |    36 |    33 |     2 ||    82
       Ration            |     1 |     2 |       |     1 |       ||     4
Armor: Robe              |    20 |    47 |     5 |       |       ||    72
       Scale mail        |       |       |   274 |   344 |       ||   618
       Skin              |       |       |       |    47 |       ||    47
       Chain mail        |       |       |       |     2 |    50 ||    52
Dodge: Dodged            |    80 |   163 |   291 |   477 |    43 ||  1054
Block: Buckler           |     5 |    60 |   186 |   293 |    24 ||   568
       Rpst.: Scimitar   |       |       |       |   126 |    10 ||   136

Table legend:
 A = Non-vault XP
 B = Vault XP
 C = Vault XP percentage of total XP
 D = Non-vault monster count
 E = Vault monster count
 F = Vault count percentage of total count
                 A         B        C        D         E       F
            +---------+---------+-------+---------+---------+-------
      Total |   25066 |    6115 |  19.6 |     293 |      81 |  21.7
            +---------+---------+-------+---------+---------+-------
        D:1 |      21 |       4 |  16.0 |      10 |       2 |  16.7
        D:2 |      52 |       0 |   0.0 |      15 |       0 |   0.0
        D:3 |      68 |      59 |  46.5 |      23 |       7 |  23.3
        D:4 |     906 |     340 |  27.3 |      26 |       7 |  21.2
        D:5 |     229 |     671 |  74.6 |      14 |      19 |  57.6
        D:6 |     645 |       0 |   0.0 |      11 |       0 |   0.0
        D:7 |    1129 |       0 |   0.0 |      20 |       0 |   0.0
        D:8 |    2103 |     235 |  10.1 |      36 |       1 |   2.7
        D:9 |    3113 |       0 |   0.0 |      29 |       0 |   0.0
       D:10 |    3081 |       0 |   0.0 |      35 |       0 |   0.0
       D:11 |    4308 |    1012 |  19.0 |      33 |      29 |  46.8
     Lair:1 |    6496 |     857 |  11.7 |      28 |       5 |  15.2
     Lair:2 |    2915 |    2937 |  50.2 |      13 |      11 |  45.8
            +---------+---------+-------+---------+---------+-------
